[Event "Titled Tuesday Blitz August 10 2021"]
[White "Lintchevski, Daniil"]
[Black "Korchmar, Vasiliy"]
[WhiteFideId "4171055"]
[BlackFideId "24131750"]
[WhiteElo "2494"]
[BlackElo "2370"]
[Result "1-0"]
[Round "05"]
[TimeControl "180+1"]
[Date "2021.08.10"]
[WhiteClock "0:00:05"]
[BlackClock "0:00:01"]

1. e4 c5 2. c3 Nf6 3. e5 Nd5 4. d4 cxd4 5. cxd4 e6 6. Nf3 d6 7. Bc4 Be7 8. O-O O-O 9. Qe2 b6 10. Bxd5 exd5 11. Rd1 Nc6 12. h3 Be6 13. Nc3 Rc8 14. Bf4 dxe5 15. dxe5 h6 16. Rac1 Qd7 17. Nb5 Rfd8 18. Nd6 Bxd6 19. exd6 f6 20. Qb5 Ne5 21. Qe2 Nc4 22. Nd4 Bf7 23. Qg4 Qxg4 24. hxg4 Nxd6 25. Bxd6 Rxc1 26. Rxc1 Rxd6 27. Rc7 a6 28. f3 Be8 29. Rxg7+ Kxg7 30. Nf5+ Kf8 31. Nxd6 Bg6 32. Kf2 d4 33. Ke2 b5 34. Nf5 h5 35. Nxd4 hxg4 36. fxg4 Ke7 37. Ke3 Kd6 38. Kf4 Kd5 39. Nf5 Kc4 40. g5 fxg5+ 41. Kxg5 Bh7 42. g4 Kd3 43. Kh6 Bg8 44. Ne7 Bxa2 45. Nc6 1-0


[Site "https://www.chess.com"]

[Event "Titled Tuesday Blitz August 10 2021"]
[White "Maevsky, Nikolay"]
[Black "Moussard, Jules"]
[WhiteFideId "4198220"]
[BlackFideId "642908"]
[WhiteElo "2213"]
[BlackElo "2644"]
[Result "0-1"]
[Round "05"]
[TimeControl "180+1"]
[Date "2021.08.10"]
[WhiteClock "0:00:03"]
[BlackClock "0:00:27"]

1. d4 Nf6 2. Nf3 g6 3. c4 d6 4. Nc3 Bf5 5. Nh4 Bd7 6. e4 e5 7. Nf3 Nc6 8. d5 Ne7 9. Be2 Bg7 10. O-O O-O 11. Ne1 Ne8 12. f3 f5 13. g4 c5 14. Be3 Bf6 15. Nd3 Bh4 16. Kg2 Nf6 17. h3 h5 18. Nf2 f4 19. Bd2 g5 20. Nd3 Ng6 21. b4 b6 22. bxc5 bxc5 23. Rb1 Bg3 24. Rh1 Nh4+ 25. Kg1 hxg4 26. hxg4 Nxg4 27. Rxh4 Ne3 28. Bxe3 gxh4 29. Bd2 Qg5 30. Kh1 Rf7 31. Qf1 Rg7 32. Rb7 Kh8 33. Nb5 Rag8 34. Nxd6 Bh2 35. Nf7+ Rxf7 36. Kxh2 Qg3+ 37. Kh1 Bh3 38. Qf2 Rxb7 39. Qxg3 fxg3 40. Bc1 Rb1 41. Bd1 Bf1 42. Bc2 g2+ 43. Kg1 h3 44. Bxb1 h2+ 45. Kxh2 g1=Q# 0-1


[Site "https://www.chess.com"]

[Event "Titled Tuesday Blitz August 10 2021"]
[White "Maghsoodloo, Parham"]
[Black "Timofeev, Artyom"]
[WhiteFideId "12539929"]
[BlackFideId "4140419"]
[WhiteElo "2601"]
[BlackElo "2582"]
[Result "1/2-1/2"]
[Round "05"]
[TimeControl "180+1"]
[Date "2021.08.10"]
[WhiteClock "0:00:04"]
[BlackClock "0:00:10"]

1. d4 Nf6 2. c4 b6 3. Nf3 Bb7 4. g3 g6 5. Bg2 Bg7 6. O-O O-O 7. b3 d5 8. Bb2 dxc4 9. bxc4 Nbd7 10. a4 e6 11. a5 c5 12. a6 Bc6 13. e3 cxd4 14. exd4 Rc8 15. Qe2 Re8 16. Na3 Qc7 17. Rfc1 Qb8 18. Nb5 Red8 19. Ba3 Bf8 20. Bxf8 Nxf8 21. Qe5 Bxb5 22. Qxf6 Be8 23. h4 Nd7 24. Qe7 Qc7 25. h5 Nb8 26. Qh4 Nd7 27. Re1 Qd6 28. d5 exd5 29. cxd5 Qf6 30. Qb4 Nc5 31. Ne5 gxh5 32. Rad1 Bd7 33. d6 Bf5 34. Qf4 Kg7 35. Nc6 Rxc6 36. Bxc6 Nd3 37. Rxd3 Bxd3 38. d7 Qxf4 39. gxf4 Bf5 40. Re8 Bxd7 41. Rxd8 Bxc6 42. Rc8 Bb5 43. Rc7 Bxa6 44. Rxa7 Bc4 45. Rb7 b5 46. Rb6 f6 47. f5 Bd3 48. Kg2 Bxf5 49. Rxb5 Kg6 50. Kg3 Be6 51. Kh4 Bg4 52. f4 Kh6 53. Rc5 Kg6 54. Rb5 Kh6 55. f5 Kg7 56. Kg3 Kf7 57. Kf4 Kg8 58. Rb7 h6 59. Re7 Kf8 60. Rh7 Kg8 61. Re7 Kf8 62. Rc7 Kg8 63. Ra7 Kf8 64. Rh7 Kg8 65. Rxh6 Kg7 66. Rg6+ Kf7 67. Ke4 Bd1 68. Rg1 Bg4 69. Kf4 Be2 70. Ra1 Bg4 71. Ra7+ Kf8 72. Ke4 Kg8 73. Rd7 Kf8 74. Kf4 Kg8 75. Rd3 Kf8 76. Re3 Kf7 77. Re6 Kg7 78. Re7+ Kf8 79. Ra7 Kg8 80. Ke4 Kf8 81. Ra3 Kf7 82. Ra2 Kf8 83. Rf2 Kf7 84. Kd5 Ke7 85. Kd4 Kf7 86. Ke4 Ke7 87. Ra2 Kf7 88. Ra8 Ke7 89. Rh8 Kf7 90. Rh7+ Kg8 91. Rb7 Kf8 92. Kf4 Kg8 93. Rd7 Kf8 94. Rh7 Kg8 95. Ra7 Kf8 96. Ke4 Kg8 97. Ra5 Kf7 98. Rb5 Ke7 99. Rb4 Kf7 100. Rb2 Ke7 101. Rh2 Kf7 102. Kd5 Bxf5 103. Rxh5 Kg6 104. Rh1 Bg4 105. Ke4 f5+ 106. Ke5 Kg5 107. Rh8 Kg6 108. Rg8+ Kf7 109. Rg5 Bh3 110. Rh5 Bg4 111. Rh6 Kg7 112. Rf6 Bh3 113. Rd6 Bg4 114. Kf4 Kf7 115. Ke5 Kg7 116. Rd3 Kf7 117. Rd7+ Kg6 118. Rc7 Bh3 119. Rc8 Bg4 120. Rc7 Bh3 121. Ra7 Bg4 122. Ra8 Bh3 123. Rh8 Bg4 124. Ke6 Kg5 125. Ke5 Kg6 1/2-1/2


[Site "https://www.chess.com"]

[Event "Titled Tuesday Blitz August 10 2021"]
[White "Moroni, Luca Jr"]
[Black "Zhigalko, Sergei"]
[WhiteFideId "865834"]
[BlackFideId "13502956"]
[WhiteElo "2491"]
[BlackElo "2662"]
[Result "1-0"]
[Round "05"]
[TimeControl "180+1"]
[Date "2021.08.10"]
[WhiteClock "0:00:06"]
[BlackClock "0:00:02"]

1. d4 Nf6 2. c4 e6 3. Nc3 Bb4 4. Nf3 b6 5. Qb3 a5 6. g3 Bb7 7. Bg2 O-O 8. O-O Re8 9. a3 Bxc3 10. Qxc3 a4 11. Bf4 d6 12. c5 bxc5 13. dxc5 Ne4 14. Qc2 Nxc5 15. Ng5 f5 16. Bxb7 Nxb7 17. e4 h6 18. Nf3 Qf6 19. Qxc7 Nc5 20. e5 Qf7 21. Qxf7+ Kxf7 22. exd6 Nbd7 23. Rac1 Rec8 24. Rc4 Nd3 25. Rc7 Rxc7 26. dxc7 e5 27. Rd1 e4 28. Ne1 N7c5 29. Nxd3 Nxd3 30. Rd2 g5 31. Be3 Rc8 32. Bb6 Ke6 33. g4 fxg4 34. Rc2 Kd5 35. Kf1 h5 36. Rc3 Nxb2 37. Rc5+ Kd6 38. Rxg5 Nc4 39. Ba5 Nxa5 40. Rxa5 Rxc7 41. Rxa4 Kd5 42. Ra5+ Rc5 43. Rxc5+ Kxc5 44. Ke2 Kd4 45. a4 h4 46. a5 1-0


[Site "https://www.chess.com"]

[Event "Titled Tuesday Blitz August 10 2021"]
[White "Nakamura, Hikaru"]
[Black "Solon, Nathan"]
[WhiteFideId "2016192"]
[BlackFideId "2017229"]
[WhiteElo "2900"]
[BlackElo "2660"]
[Result "1-0"]
[Round "05"]
[TimeControl "180+1"]
[Date "2021.08.10"]
[WhiteClock "0:01:22"]
[BlackClock "0:00:12"]

1. e4 c6 2. Nf3 d5 3. Nc3 Bg4 4. h3 Bxf3 5. Qxf3 e6 6. d4 Nf6 7. exd5 exd5 8. Bd3 Bd6 9. Bg5 Nbd7 10. O-O-O O-O 11. g4 b5 12. Kb1 b4 13. Ne2 a5 14. Ng3 Re8 15. Nf5 Bf8 16. h4 a4 17. Rhe1 Rxe1 18. Rxe1 b3 19. a3 bxc2+ 20. Bxc2 Qb6 21. Bc1 Rb8 22. g5 Ne4 23. Bxe4 dxe4 24. Rxe4 c5 25. Ne7+ Bxe7 26. Rxe7 Qg6+ 27. Qe4 Nf8 28. dxc5 Ne6 29. Qxg6 hxg6 30. Be3 Rc8 31. Ra7 Nxc5 32. Bxc5 Rxc5 33. Rxa4 Rf5 34. f4 1-0


[Site "https://www.chess.com"]

[Event "Titled Tuesday Blitz August 10 2021"]
[White "Oparin, Grigoriy"]
[Black "Chirila, Ioan-Cristian"]
[WhiteFideId "24125890"]
[BlackFideId "1211668"]
[WhiteElo "2628"]
[BlackElo "2445"]
[Result "1-0"]
[Round "05"]
[TimeControl "180+1"]
[Date "2021.08.10"]
[WhiteClock "0:01:09"]
[BlackClock "0:00:26"]

1. c3 e5 2. d4 exd4 3. cxd4 d5 4. Nf3 Nf6 5. Nc3 Be7 6. Bf4 c6 7. Qc2 O-O 8. e3 Nbd7 9. Bd3 Re8 10. h3 Nf8 11. g4 Ng6 12. Bg3 Bd6 13. Bxd6 Qxd6 14. O-O-O b5 15. Kb1 a5 16. g5 Nd7 17. h4 Nb6 18. h5 Nf8 19. Ne5 Rxe5 20. dxe5 Qxe5 21. e4 b4 22. Ne2 dxe4 23. Bxe4 Ba6 24. f4 Qe7 25. Nd4 Nc4 26. Rhe1 Qc5 27. Nxc6 Rc8 28. Ne7+ Qxe7 29. Bxh7+ Nxh7 30. Rxe7 1-0


[Site "https://www.chess.com"]

[Event "Titled Tuesday Blitz August 10 2021"]
[White "Peralta, Eduardo"]
[Black "Grischuk, Alexander"]
[WhiteFideId "3700062"]
[BlackFideId "4126025"]
[WhiteElo "2205"]
[BlackElo "2777"]
[Result "0-1"]
[Round "05"]
[TimeControl "180+1"]
[Date "2021.08.10"]
[WhiteClock "0:00:14"]
[BlackClock "0:00:52"]

1. d4 Nf6 2. c4 e6 3. Nc3 Bb4 4. e3 O-O 5. Nf3 d5 6. Bd3 dxc4 7. Bxc4 c5 8. O-O Nc6 9. a3 Ba5 10. h3 h6 11. Re1 cxd4 12. exd4 Bb6 13. Be3 Ne7 14. Bd3 Bd7 15. Ne4 Nxe4 16. Bxe4 Bc6 17. Bxc6 Nxc6 18. Qb3 Qd6 19. Red1 Rfd8 20. d5 Na5 21. Qb4 exd5 22. Bxb6 axb6 23. Rd3 Nc4 24. Rad1 Qxb4 25. axb4 Nxb2 26. R1d2 Nxd3 27. Rxd3 d4 28. g4 Rac8 29. Kf1 Rc3 30. Ke2 Kf8 31. Kd2 Rxd3+ 32. Kxd3 Ke7 33. Nxd4 g6 34. Kc4 Kd6 35. f4 Re8 36. Nb5+ Kd7 37. Kd5 Re3 38. Nd4 Rxh3 39. Ke4 Rg3 40. Nf3 Rxf3 41. Kxf3 Ke6 42. Ke4 h5 43. gxh5 gxh5 44. f5+ Kf6 45. Kf4 h4 46. b5 h3 47. Kg3 Kxf5 48. Kxh3 Ke4 49. Kg2 Kd5 50. Kf3 Kc5 51. Ke4 Kxb5 52. Kf5 Kc4 53. Kf6 b5 54. Kxf7 b4 55. Ke6 b3 56. Kd6 b5 57. Kc7 b4 58. Kb6 b2 59. Ka5 b1=Q 60. Kb6 Qa2 61. Kc7 b3 62. Kd6 b2 63. Ke5 b1=Q 64. Kd6 Qb5 65. Ke7 Qaa6 66. Kd8 Qb8+ 67. Kd7 Qbb7+ 68. Kd8 Qaa8# 0-1


[Site "https://www.chess.com"]

[Event "Titled Tuesday Blitz August 10 2021"]
[White "Petriashvili, Nikoloz"]
[Black "Rustemov, Alexander"]
[WhiteFideId "13611216"]
[BlackFideId "4119002"]
[WhiteElo "2430"]
[BlackElo "2637"]
[Result "1-0"]
[Round "05"]
[TimeControl "180+1"]
[Date "2021.08.10"]
[WhiteClock "0:00:11"]
[BlackClock "0:00:09"]

1. e4 e6 2. d4 d5 3. Nd2 dxe4 4. Nxe4 Bd7 5. Nf3 Bc6 6. Bd3 Nd7 7. Qe2 Ngf6 8. O-O Nxe4 9. Bxe4 Bxe4 10. Qxe4 c6 11. c4 Be7 12. h3 O-O 13. Rd1 Re8 14. Bf4 Qa5 15. a3 Rad8 16. b4 Qh5 17. Rac1 Qg6 18. Qe3 h6 19. Ne5 Nxe5 20. dxe5 b6 21. Qf3 c5 22. b5 Rxd1+ 23. Rxd1 Qc2 24. Qd3 Qa4 25. Qe2 Rd8 26. Rxd8+ Bxd8 27. Qd3 Be7 28. g3 Bf8 29. Be3 a6 30. bxa6 Qxa6 31. Kg2 Qa8+ 32. Kh2 Qc6 33. Qb3 h5 34. Qb5 Qe4 35. h4 Qb7 36. a4 Qc7 37. Bf4 Qd8 38. Kg2 Be7 39. Qc6 g6 40. Qb5 Kg7 41. Qb3 Qa8+ 42. Kg1 Qc6 43. Qb5 Qc7 44. Qe8 Qd8 45. Qxd8 Bxd8 46. Kf1 Kf8 47. Ke2 Ke8 48. Kd3 Kd7 49. Bd2 Kc6 50. Ke4 Kb7 51. Be1 Kc6 52. f3 f5+ 53. exf6 Bxf6 54. Bd2 Kd7 55. Bf4 Bc3 56. Be5 Be1 57. Ke3 Kc6 58. Ke2 Bb4 59. Bb2 Kb7 60. Kd3 Ka6 61. Kc2 Be1 62. Be5 Ka5 63. Kb3 Ka6 64. Bc7 Bf2 65. Be5 Kb7 66. Kc2 Kc6 67. Kd3 Kb7 68. Ke2 Bg1 69. Bc3 Kc6 70. g4 Bh2 71. Be1 Be5 72. Kd3 Bf6 73. Ke4 Kd7 74. Bg3 Kc6 75. g5 Be7 76. Be5 Kd7 77. Bc3 Bd8 78. Ke5 Ke7 79. Ke4 Bc7 80. Be5 Bd8 81. Bf6+ Kd7 82. Bxd8 Kxd8 83. Ke5 Ke7 84. f4 Kd7 85. Kf6 Kd6 86. Kxg6 e5 87. fxe5+ Kxe5 88. Kxh5 Kd4 89. g6 Kxc4 90. g7 Kb4 91. g8=Q Kxa4 92. Qa2+ Kb4 93. Kg4 b5 94. h5 c4 95. h6 Kc3 96. h7 b4 97. h8=Q+ Kd3 98. Qh7+ Kd4 99. Qg7+ Kc5 100. Qa5+ 1-0


[Site "https://www.chess.com"]

[Event "Titled Tuesday Blitz August 10 2021"]
[White "Pichot, Alan"]
[Black "Bortnyk, Olexandr"]
[WhiteFideId "110973"]
[BlackFideId "14120828"]
[WhiteElo "2622"]
[BlackElo "2723"]
[Result "0-1"]
[Round "05"]
[TimeControl "180+1"]
[Date "2021.08.10"]
[WhiteClock "0:00:03"]
[BlackClock "0:00:03"]

1. Nf3 d6 2. b3 e5 3. Bb2 f5 4. e3 Nf6 5. c4 g6 6. d3 Bg7 7. Be2 O-O 8. O-O h6 9. b4 Be6 10. Nbd2 Nbd7 11. a3 g5 12. Ne1 c6 13. f4 Qb6 14. c5 Nxc5 15. fxe5 dxe5 16. Bxe5 Nb3 17. d4 Nxa1 18. Qxa1 Nd5 19. Nc4 Qd8 20. Nd3 Bxe5 21. Ndxe5 Qc7 22. Bd3 Rad8 23. Qe1 Qg7 24. g3 f4 25. e4 Nb6 26. Qc3 fxg3 27. hxg3 Rxf1+ 28. Kxf1 Qf6+ 29. Kg2 Rf8 30. Qd2 Nxc4 31. Nxc4 Qxd4 32. Qe2 Rd8 33. Nb2 Kg7 34. Kh2 Rf8 35. Kg2 Qc3 36. Nc4 Rd8 37. Nb2 Qxa3 38. e5 Qxb4 39. Nd1 Bg4 40. Qf2 Qf8 41. Qb2 Bxd1 42. Kh2 Rxd3 43. e6+ Qf6 0-1


[Site "https://www.chess.com"]

[Event "Titled Tuesday Blitz August 10 2021"]
[White "Priasmoro, Novendra"]
[Black "Kollars, Dmitrij"]
[WhiteFideId "7105029"]
[BlackFideId "12909572"]
[WhiteElo "2309"]
[BlackElo "2576"]
[Result "1-0"]
[Round "05"]
[TimeControl "180+1"]
[Date "2021.08.10"]
[WhiteClock "0:01:14"]
[BlackClock "0:00:19"]

1. e4 c6 2. d4 d5 3. exd5 cxd5 4. Bd3 Nc6 5. c3 Qc7 6. Ne2 Bg4 7. f3 Bd7 8. Bf4 e5 9. dxe5 Nxe5 10. O-O Bd6 11. Kh1 Ne7 12. Bc2 O-O 13. Nd2 Rad8 14. Nd4 Rfe8 15. Re1 N7g6 16. Bg3 h5 17. h3 h4 18. Bh2 a6 19. Nf1 Ne7 20. Ne3 N5g6 21. Bxd6 Qxd6 22. Qd2 Nf4 23. Rad1 Qf6 24. Ng4 Bxg4 25. fxg4 Nc6 26. Nf5 g5 27. Re3 Rxe3 28. Qxe3 Kf8 29. Re1 d4 30. cxd4 Nxd4 31. Qc3 Qc6 32. Qb4+ Rd6 33. Be4 Nc2 34. Bxc6 Nxb4 35. Re8# 1-0


[Site "https://www.chess.com"]

[Event "Titled Tuesday Blitz August 10 2021"]
[White "Quparadze, Giga"]
[Black "Kozionov, Kirill"]
[WhiteFideId "13602250"]
[BlackFideId "24101729"]
[WhiteElo "2658"]
[BlackElo "2501"]
[Result "1-0"]
[Round "05"]
[TimeControl "180+1"]
[Date "2021.08.10"]
[WhiteClock "0:00:34"]
[BlackClock "0:00:01"]

1. e4 c5 2. Ne2 Nf6 3. Nbc3 d6 4. g3 g6 5. Bg2 Nc6 6. d4 cxd4 7. Nxd4 Nxd4 8. Qxd4 Bg7 9. Qd3 O-O 10. O-O Be6 11. Nd5 Rc8 12. c3 Nd7 13. Bg5 Re8 14. Rfe1 Ne5 15. Qe2 h6 16. Be3 Nc4 17. Bc1 Qa5 18. a4 Qd8 19. Ra2 Qd7 20. b3 Na5 21. b4 Nc4 22. Rd1 Bg4 23. f3 Be6 24. h4 Bh3 25. Kh2 Bxg2 26. Kxg2 e6 27. Ne3 Nxe3+ 28. Bxe3 Rxc3 29. Bxa7 Qc7 30. Bf2 Rc8 31. a5 Rb3 32. Qd2 Qc4 33. Qxd6 Rxb4 34. Rdd2 Rb3 35. Qd7 Qc3 36. Kh2 Rf8 37. f4 Qf3 38. e5 Rb1 39. Bg1 Qf1 40. Rg2 h5 41. Raf2 Qc1 42. Qd3 Bh6 43. Rc2 Qd1 44. Qxd1 Rxd1 45. Rc7 1-0


[Site "https://www.chess.com"]

[Event "Titled Tuesday Blitz August 10 2021"]
[White "Salinas Herrera, Pablo"]
[Black "Quintiliano Pinto, Renato R."]
[WhiteFideId "3407128"]
[BlackFideId "2117568"]
[WhiteElo "2541"]
[BlackElo "2439"]
[Result "0-1"]
[Round "05"]
[TimeControl "180+1"]
[Date "2021.08.10"]
[WhiteClock "0:00:04"]
[BlackClock "0:00:11"]

1. Nf3 Nf6 2. b3 e6 3. Bb2 d5 4. c4 Be7 5. g3 O-O 6. Bg2 c5 7. O-O Nc6 8. cxd5 exd5 9. d4 Ne4 10. dxc5 Bxc5 11. Nc3 Nxc3 12. Bxc3 d4 13. Bb2 Re8 14. a3 a5 15. Rc1 Bb6 16. Re1 Bf5 17. Rxc6 bxc6 18. Nxd4 Bxd4 19. Bxd4 Be4 20. f3 Bc2 21. Qxc2 Qxd4+ 22. Kf1 Qb6 23. f4 Rac8 24. Be4 h6 25. Bd3 Re3 26. Bc4 Rce8 27. Qf5 Qc7 28. Rd1 R3e7 29. a4 Qa7 30. Rd6 Qe3 31. Qg4 Qc1+ 32. Kg2 Qc2 33. Kf1 Kf8 34. Qh5 Qc1+ 35. Kg2 Qc2 36. Kh3 Qc1 37. Qf3 Qe1 38. Qxc6 Qf1+ 39. Qg2 Qe1 40. Qf3 g6 41. f5 g5 42. Qd5 Qf1+ 43. Qg2 Qxf5+ 44. g4 Re3+ 0-1


[Site "https://www.chess.com"]

[Event "Titled Tuesday Blitz August 10 2021"]
[White "Sevian, Samuel"]
[Black "Khusnutdinov, Rustam"]
[WhiteFideId "2040506"]
[BlackFideId "13701703"]
[WhiteElo "2976"]
[BlackElo "2571"]
[Result "1-0"]
[Round "05"]
[TimeControl "180+1"]
[Date "2021.08.10"]
[WhiteClock "0:00:36"]
[BlackClock "0:00:13"]

1. e4 e6 2. d4 d5 3. e5 c5 4. c3 Nc6 5. Nf3 Bd7 6. Be2 Rc8 7. O-O a6 8. a3 cxd4 9. cxd4 Nge7 10. Nc3 Nf5 11. Be3 Be7 12. Bd3 Nxe3 13. fxe3 O-O 14. Qc2 g6 15. Rf2 b5 16. Qe2 f5 17. exf6 Bxf6 18. Raf1 Qe7 19. Nd2 Na5 20. Kh1 Bg7 21. Rf4 Rxf4 22. exf4 Bxd4 23. Nxd5 Qg7 24. Ne3 Bxb2 25. Ng4 Rc1 26. Rxc1 Bxc1 27. Ne4 Bb2 28. Qd2 Nc6 29. Bb1 Bd4 30. Ba2 Kh8 31. h3 Qe7 32. Ne5 Bxe5 33. fxe5 Nxe5 34. Qd4 Qg7 35. Ng5 Nc4 36. Qf4 h6 37. Nf3 e5 38. Qe4 Bf5 39. Qa8+ Kh7 40. Qxa6 e4 41. Ng1 Qe5 42. Qb7+ Kh8 43. a4 Ne3 44. Qa8+ Kh7 45. Qg8# 1-0


[Site "https://www.chess.com"]

[Event "Titled Tuesday Blitz August 10 2021"]
[White "Suder, Jakub"]
[Black "Lashkin, Jegor"]
[WhiteFideId "1195310"]
[BlackFideId "13907808"]
[WhiteElo "2085"]
[BlackElo "2293"]
[Result "0-1"]
[Round "05"]
[TimeControl "180+1"]
[Date "2021.08.10"]
[WhiteClock "0:00:03"]
[BlackClock "0:00:03"]

1. d4 Nf6 2. c4 e6 3. Nc3 Bb4 4. f3 c5 5. d5 O-O 6. e4 b5 7. e5 Ne8 8. f4 exd5 9. cxd5 d6 10. Nf3 c4 11. Be2 Qb6 12. a4 Nd7 13. axb5 Nc7 14. Ra4 a5 15. bxa6 Bxa6 16. Rxb4 Qxb4 17. O-O Qc5+ 18. Kh1 dxe5 19. fxe5 Bb7 20. e6 fxe6 21. dxe6 Nf6 22. Bf4 Rad8 23. e7 Rxd1 24. exf8=Q+ Kxf8 25. Rxd1 Ncd5 26. Be5 Kf7 27. Bd4 Qc7 28. Bxc4 Kf8 29. Bb3 Nxc3 30. Bxc3 Bxf3 31. gxf3 Qb7 32. Bc2 Qxf3+ 33. Kg1 Qg4+ 34. Kh1 Kf7 35. Rf1 Qe6 36. Kg1 Qb6+ 37. Kh1 Qc6+ 38. Kg1 h6 39. Rf2 Qb6 40. Kf1 Kg8 41. Bb1 Qa6+ 42. Kg2 Qb6 43. Kg1 Ng4 44. Be1 Nxf2 45. Bxf2 Qxb2 46. Be4 Qc1+ 47. Kg2 Qg5+ 48. Kf1 Qf6 49. Bd3 Kh8 50. Be2 g5 51. Kg2 Qc6+ 52. Bf3 Qg6 53. Bg3 h5 54. Be2 Kh7 55. Bf2 Kh6 56. Kf1 Qe4 57. Bg3 g4 58. Bf2 Kg5 59. Bg1 h4 60. Bf2 Qh1+ 61. Bg1 Kf4 62. Bd1 g3 63. hxg3+ hxg3 64. Be2 Qh3+ 65. Ke1 Qh1 66. Kf1 Ke4 67. Bd1 Kd3 68. Be2+ Kd2 69. Bg4 Qe4 70. Bh3 Qe2# 0-1


[Site "https://www.chess.com"]

[Event "Titled Tuesday Blitz August 10 2021"]
[White "Vokhidov, Shamsiddin"]
[Black "Taboas Rodriguez, Daniel"]
[WhiteFideId "14204223"]
[BlackFideId "2208466"]
[WhiteElo "2572"]
[BlackElo "2429"]
[Result "0-1"]
[Round "05"]
[TimeControl "180+1"]
[Date "2021.08.10"]
[WhiteClock "0:00:01"]
[BlackClock "0:00:08"]

1. Nf3 Nf6 2. c4 g6 3. g3 Bg7 4. Bg2 b6 5. O-O Bb7 6. Nc3 O-O 7. b3 d5 8. cxd5 Nxd5 9. Bb2 Nxc3 10. dxc3 c5 11. Qc2 Nc6 12. Rad1 Qc7 13. Rd2 Rad8 14. Rfd1 Rxd2 15. Rxd2 Rd8 16. Ne1 Rxd2 17. Qxd2 Qd8 18. Qxd8+ Nxd8 19. Nd3 Bxg2 20. Kxg2 Nc6 21. Kf3 f5 22. e4 e6 23. exf5 exf5 24. Nf4 Kf7 25. Nd5 Ke6 26. Nf4+ Kd6 27. Ke2 b5 28. Kd3 c4+ 29. Kc2 Ne5 30. Ba3+ Kc6 31. Ne6 Bh6 32. Bf8 Kd7 33. Nc5+ Kc6 34. Bxh6 Kxc5 35. Be3+ Kd5 36. Bxa7 g5 37. h3 h5 38. Kd2 Ke4 39. a4 cxb3 40. axb5 Nc4+ 41. Kc1 Kd3 42. Bd4 g4 43. hxg4 hxg4 44. b6 Na5 45. Kb2 Kc4 46. Be5 Nb7 47. Bf4 Nc5 48. Be3 Nb7 49. Bd4 Na5 50. Bf6 Nb7 51. Be7 Na5 52. Bb4 Nb7 53. Ka3 Nd8 54. Bd6 Nb7 55. Bb4 Nd8 56. Kb2 Nb7 57. Be7 Na5 58. Bd8 Nb7 59. Bc7 Nc5 60. Bd6 Na4+ 61. Kb1 Nxb6 62. Be5 Na4 63. Kc1 Nxc3 64. Bc7 Kd3 65. Kb2 Kc4 66. Be5 Ne4 67. Kc1 Nxf2 68. Kd2 Ne4+ 69. Ke3 Nxg3 70. Kf4 Ne2+ 71. Ke3 Nc3 72. Kd2 b2 73. Bxc3 b1=Q 0-1


[Site "https://www.chess.com"]

[Event "Titled Tuesday Blitz August 10 2021"]
[White "Wagner, Dennis"]
[Black "Nguyen, Ngoc Truong Son"]
[WhiteFideId "24650684"]
[BlackFideId "12401110"]
[WhiteElo "2355"]
[BlackElo "2596"]
[Result "0-1"]
[Round "05"]
[TimeControl "180+1"]
[Date "2021.08.10"]
[WhiteClock "0:00:01"]
[BlackClock "0:00:35"]

1. d4 Nf6 2. c4 e6 3. Nf3 d5 4. g3 Bb4+ 5. Bd2 Be7 6. Bg2 O-O 7. O-O Nbd7 8. Qc2 c6 9. Bf4 Ne4 10. Nc3 g5 11. Be3 f5 12. Rad1 Bf6 13. Nxe4 fxe4 14. Nd2 Qe7 15. f3 e5 16. dxe5 Nxe5 17. cxd5 cxd5 18. fxe4 Ng4 19. Bc5 Qc7 20. e5 Be7 21. Bxd5+ Kg7 22. Ne4 Bf5 23. Rxf5 Rxf5 24. Nd6 Rxe5 25. Rf1 Bxd6 0-1


[Site "https://www.chess.com"]

[Event "Titled Tuesday Blitz August 10 2021"]
[White "Adury, Anant"]
[Black "Lintchevski, Daniil"]
[WhiteFideId "30964687"]
[BlackFideId "4171055"]
[WhiteElo "2341"]
[BlackElo "2494"]
[Result "0-1"]
[Round "06"]
[TimeControl "180+1"]
[Date "2021.08.10"]
[WhiteClock "0:02:11"]
[BlackClock "0:02:17"]

1. e4 c6 2. d4 d5 3. exd5 cxd5 4. Bd3 Nc6 5. c3 Qc7 6. Ne2 Bg4 7. O-O e6 8. Qe1 Nf6 9. f3 Bh5 10. Nf4 Bg6 11. Nxg6 hxg6 12. g3 Bd6 13. f4 O-O-O 14. Nd2 g5 15. fxg5 Ng4 16. Nf3 Nxh2 17. Nxh2 Bxg3 18. Qe2 Bxh2+ 19. Kg2 Qg3+ 20. Kh1 Bg1+ 0-1


[Site "https://www.chess.com"]

[Event "Titled Tuesday Blitz August 10 2021"]
[White "Andreikin, Dmitry"]
[Black "Maximov, Dmitry"]
[WhiteFideId "4158814"]
[BlackFideId "14105659"]
[WhiteElo "2782"]
[BlackElo "2494"]
[Result "1-0"]
[Round "06"]
[TimeControl "180+1"]
[Date "2021.08.10"]
[WhiteClock "0:00:06"]
[BlackClock "0:00:09"]

1. Nf3 Nf6 2. c4 g6 3. b4 Bg7 4. Bb2 O-O 5. g3 b6 6. Bg2 Bb7 7. O-O c5 8. a3 d6 9. d3 Qd7 10. Nc3 Nc6 11. b5 Nd8 12. a4 a5 13. e4 Ne6 14. Re1 Ng4 15. Bh3 Ne5 16. Ng5 h6 17. Nxe6 fxe6 18. f4 Nf7 19. Qg4 Kh7 20. Qxe6 Qxe6 21. Bxe6 Nd8 22. Bd5 Bd4+ 23. Kg2 e6 24. Bxb7 Nxb7 25. Re2 Rf7 26. Rf1 Raf8 27. Nd1 e5 28. Bc1 exf4 29. Rxf4 g5 30. Rxf7+ Rxf7 31. Ne3 Nd8 32. Nd5 g4 33. Nxb6 Rf3 34. Rd2 Be3 35. Rc2 Bd4 36. Bb2 Ne6 37. Nd5 Rxd3 38. Nf4 Nxf4+ 39. gxf4 Be3 40. Bc3 Bxf4 41. b6 Rh3 42. Kg1 d5 43. cxd5 Bb8 44. e5 Kg6 45. d6 Rd3 46. Rd2 Rxc3 47. d7 Bxe5 48. d8=Q Kf5 49. Qd5 Rc1+ 50. Rd1 1-0


[Site "https://www.chess.com"]

[Event "Titled Tuesday Blitz August 10 2021"]
[White "Bluebaum, Matthias"]
[Black "Bortnyk, Olexandr"]
[WhiteFideId "24651516"]
[BlackFideId "14120828"]
[WhiteElo "2685"]
[BlackElo "2723"]
[Result "1-0"]
[Round "06"]
[TimeControl "180+1"]
[Date "2021.08.10"]
[WhiteClock "0:00:22"]
[BlackClock "0:00:02"]

1. d4 d6 2. Nf3 Nf6 3. c4 g6 4. Nc3 Bf5 5. d5 c5 6. Ng5 Bg7 7. e4 Bd7 8. Bd3 O-O 9. h3 Na6 10. O-O Nc7 11. a4 e6 12. dxe6 Bxe6 13. Bf4 Nh5 14. Be3 Re8 15. Qd2 Bd7 16. Rad1 Bc6 17. Bc2 Ne6 18. Nxe6 Rxe6 19. b3 Bxc3 20. Qxc3 Bxe4 21. Bxe4 Rxe4 22. Bxc5 Re6 23. Qf3 Qc7 24. Bd4 Rae8 25. Bc3 a6 26. Rd5 Ng7 27. Rfd1 Nf5 28. g3 Re3 29. fxe3 Rxe3 30. Rxf5 Rxf3 31. Rxf3 Qb6+ 32. Bd4 Qc6 33. Re3 h5 34. Rde1 Kh7 35. Re8 g5 36. R8e7 Qf3 37. R1e3 Qd1+ 38. Kg2 Qxd4 39. Rxf7+ Kg6 40. Rfe7 Qb2+ 41. Re2 Qxb3 42. g4 hxg4 43. hxg4 Qxc4 44. R2e6+ Qxe6 45. Rxe6+ Kf7 46. Rxd6 1-0


[Site "https://www.chess.com"]

[Event "Titled Tuesday Blitz August 10 2021"]
[White "Bok, Benjamin"]
[Black "Tanenbaum, Zachary"]
[WhiteFideId "1017063"]
[BlackFideId "2060850"]
[WhiteElo "2658"]
[BlackElo "2165"]
[Result "1-0"]
[Round "06"]
[TimeControl "180+1"]
[Date "2021.08.10"]
[WhiteClock "0:00:08"]
[BlackClock "0:00:04"]

1. Nf3 d5 2. d4 Nf6 3. c4 dxc4 4. e3 a6 5. Bxc4 e6 6. O-O c5 7. b3 Nc6 8. dxc5 Bxc5 9. Qxd8+ Kxd8 10. Bb2 Ke7 11. Nbd2 Rd8 12. Rac1 Bb4 13. Rfd1 Kf8 14. Be2 Bd7 15. Nc4 Be8 16. Nfe5 Rxd1+ 17. Bxd1 Rd8 18. Bf3 Nxe5 19. Nxe5 Rd2 20. Nc4 Rd7 21. Bd4 Nd5 22. Ne5 Re7 23. Rc8 f6 24. Nd3 Bd6 25. Bxd5 exd5 26. Bc5 Bxc5 27. Nxc5 Kf7 28. h3 Bb5 29. a4 Bc6 30. Nxa6 bxa6 31. Rxc6 Rb7 32. Rxa6 Rxb3 33. Ra7+ Kg6 34. a5 Ra3 35. a6 Ra2 36. g3 h5 37. Kg2 Kh6 38. Ra8 Kh7 39. a7 g5 40. Kf1 Kg7 41. Ke1 f5 42. Kd1 h4 43. gxh4 gxh4 44. Kc1 Kh7 45. Kb1 Ra5 46. Kb2 Kg7 47. Kc3 Kh7 48. Kb4 Ra1 49. Kc5 Kg7 50. Kxd5 Ra5+ 51. Ke6 Ra2 52. f4 Ra5 53. Kd6 Ra3 54. Ke7 Rxe3+ 55. Kd6 Ra3 56. Ke5 Ra5+ 57. Ke6 Kh7 58. Kf6 Ra3 59. Kxf5 Ra4 60. Kg5 Kg7 61. f5 Ra5 62. Kxh4 Ra4+ 63. Kg3 Ra3+ 64. Kf2 Ra2+ 65. Ke3 Ra6 66. f6+ Kh7 67. f7 Re6+ 68. Kd2 Rd6+ 69. Kc3 Rc6+ 70. Kd4 Rg6 71. f8=Q Rg7 72. Qxg7+ Kxg7 73. Rb8 1-0


[Site "https://www.chess.com"]